 Dungeon Crawl Stone Soup version 0.31-a0-692-gf03d1854d5 (webtiles) character file.

Game seed: 2652901133638626626

11741 Ijustatesigmund the Unhurried (level 11, -7/99 HPs)
             Began as a Hill Orc Fighter on Sept 7, 2023.
             Was a Believer of Cheibriados.
             Mangled by a death yak (15 damage)
             ... in an ice cave.
             The game lasted 00:24:14 (12305 turns).

Ijustatesigmund the Unhurried (Hill Orc Fighter)   Turns: 12305, Time: 00:24:15

Health: -7/99      AC: 16    Str: 30    XL:     11   Next: 82%
Magic:  22/22      EV: 11    Int: 14    God:    Cheibriados [**....]
Gold:   389        SH:  5    Dex: 16    Spells: 10/10 levels left

rFire   . . .        a - +1 war axe
rCold   + . .        c - +0 buckler
rNeg    . . .        b - +2 scale mail {Will+}
rPois   .            (no helmet)
rElec   .            y - scarf {repulsion}
rCorr   .            z - +2 pair of gloves
SInv    .            (no boots)
Will    ++...        (no amulet) Stlth
                     e - ring of protection from cold
HPRegen 0.36/turn    k - +4 ring of protection
MPRegen 0.18/turn

%: repel missiles
@: enlightened, flying, very slow
A: no striking features
a: Renounce Religion, Bend Time


You were in an ice cave.
You worshipped Cheibriados.
Cheibriados was pleased with you.
You visited 1 branch of the dungeon, and saw 11 of its levels.
You also visited: Ice Cave.

You collected 685 gold pieces.
You spent 296 gold pieces at shops.

Inventory:

Hand Weapons
 a - a +1 war axe (weapon)
Armour
 b - a +2 scale mail of willpower (worn)
 c - a +0 buckler (worn)
 p - a +2 cloak
 y - a scarf of repulsion (worn)
 z - a +2 pair of gloves (worn)
Jewellery
 e - a ring of protection from cold (left hand)
 f - a ring of protection from cold
 k - a +4 ring of protection (right hand)
 s - a ring of wizardry
Wands
 d - a wand of polymorph (6)
 m - a wand of roots (8)
 r - a wand of mindburst (8)
 v - a wand of flame (41)
Scrolls
 h - a scroll of teleportation
 o - a scroll of revelation
 t - a scroll of vulnerability
 u - 2 scrolls of poison
 x - 3 scrolls of identify
 A - 2 scrolls of enchant weapon
Potions
 i - 3 potions of mutation
 j - a potion of magic
 n - 4 potions of brilliance
 q - 2 potions of attraction


   Skills:
 - Level 9.8 Fighting
 - Level 10.2 Axes
 - Level 5.1 Armour
 - Level 3.4 Dodging
 - Level 3.2 Shields
 + Level 15.0 Invocations
 - Level 7.6 Evocations


You had 10 spell levels left.
You didn't know any spells.
Your spell library contained the following spells:

 Spells                   Type           Power      Damage    Failure   Level
 Sandblast                Erth           0%         2d4       56%         1
 Summon Small Mammal      Summ           0%         N/A       56%         1
 Cigotuvi's Dreadful Rot  Necr/Pois/Air  0%         N/A       71%         2
 Ensorcelled Hibernation  Hex/Ice        0%         N/A       71%         2
 Passwall                 Tmut/Erth      0%         N/A       71%         2
 Poisonous Vapours        Pois/Air       0%         N/A       71%         2
 Sublimation of Blood     Necr           0%         N/A       71%         2
 Call Canine Familiar     Summ           0%         N/A       90%         3
 Inner Flame              Hex/Fire       0%         N/A       90%         3
 Mephitic Cloud           Conj/Pois/Air  0%         N/A       90%         3
 Stone Arrow              Conj/Erth      0%         3d7       90%         3
 Summon Guardian Golem    Hex/Summ       0%         N/A       90%         3
 Swiftness                Air            0%         N/A       90%         3
 Passage of Golubria      Tloc           0%         N/A       100%        4
 Petrify                  Tmut/Erth      0%         N/A       100%        4
 Summon Ice Beast         Ice/Summ       0%         N/A       100%        4
 Vhi's Electric Charge    Tloc/Air       0%         N/A       100%        4
 Freezing Cloud           Conj/Ice/Air   0%         6-21      100%        5
 Irradiate                Conj/Tmut      0%         3d11      100%        5
 Summon Mana Viper        Hex/Summ       0%         N/A       100%        5
 Yara's Violent Unravell  Hex/Tmut       0%         3d3       100%        5
 Enfeeble                 Hex            0%         N/A       100%        7
 Malign Gateway           Summ/Tloc      0%         N/A       100%        7
 Monstrous Menagerie      Summ           0%         N/A       100%        7


Dungeon Overview and Level Annotations

Branches:
Dungeon (11/15)            Temple (0/1) D:7            Lair (0/5) D:11
    Orc (0/2) D:11          IceCv (1/1)

Altars:
Cheibriados
Elyvilon
Gozag
Nemelex Xobeh
Qazlal
Uskayaw
Wu Jian
The Shining One

Shops:
D:1 *(:[


Message History

You barely miss the death yak.
The death yak is almost dead.
The death yak gores you!
* * * LOW HITPOINT WARNING * * *
You hit the death yak.
The death yak is almost dead.
You block the death yak's attack.
You hit the death yak but do no damage.
The death yak is almost dead.
You block the death yak's attack.
You slash the death yak!
You kill the death yak!
Cheibriados appreciates the change of pace.
Your Invocations skill increases to level 15!
A wolf comes into view.
The wolf howls!
The wolf pauses to sniff the ground.
A death yak comes into view.
You see here a death yak corpse.
The death yak bellows!
You hear a bellow!
A death yak comes into view.
The death yak moves out of view.
The wolf stops to sniff the ground.
It was a potion of enlightenment.
You feel very buoyant.
You fly up into the air.
The wolf closely misses you. The wolf barely misses you.
Aiming: Mindburst
Press: ? - help, Shift-Dir - straight line, f - wolf
Aim: a wolf (chance to affect: 86%)
The wolf's mind is blasted!!!
You blow up the wolf!
Cheibriados thoroughly appreciates the change of pace.
Unknown command.
Aiming: Mindburst
Press: ? - help, Shift-Dir - straight line, f - death yak
Aim: a death yak (chance to affect: 24%)
The death yak resists with almost no effort.
The death yak gores you!
You die...

******,,,*##,*..#
,,*,*,*,***.#,#.#
*,,,,*,** *,!#!.#
****,,** **,.#.# ****
*#*..# ####.#Y########
#####..†.#######
########Y#######
########@.######
########..######
#########.######
########..######
########.#######
#######.#.###### ***
########.####### **,***
#######..#######
*,*,,**#######..#######


You could see 2 death yaks.

Vanquished Creatures
  A death yak (IceCv)
  A deep elf pyromancer (D:9)
  Jeremiah (D:9)
  Maggie (D:9)
  A gargoyle (D:10)
  A rime drake (IceCv)
  A troll (D:10)
  A polar bear (IceCv)
  Grinder (D:4)
  A hornet (D:8)
  A shadow (D:10)
  3 slime creatures (D:9)
  4 wyverns
  A wraith (D:10)
  A vampire (D:9)
  14 yaks
  3 steam dragons
  2 water moccasins
  2 acid dragons
  An ice beast (D:6)
  2 orc warriors
  3 sky beasts
  2 black bears
  An ogre (D:5)
  3 centaurs
  2 wolves (IceCv)
  4 phantoms
  5 bullfrogs
  2 kobold brigands
  3 scorpions
  13 wights
  15 killer bees
  4 howler monkeys
  A crimson imp (D:2)
  2 hounds
  Crazy Yiuf (D:4)
  A gnoll bouda (D:9)
  4 orc priests (D:3)
  A jelly (D:7)
  3 sleepcaps
  3 iguanas
  2 orc wizards
  Natasha (thrice) (D:3)
  Robin (D:2)
  7 gnolls
  6 adders
  A shadow imp (D:7)
  13 white imps
  2 ufetubi
  2 worms
  3 dart slugs
  21 orcs
  4 ball pythons
  4 endoplasms
  3 giant cockroaches
  15 hobgoblins
  4 jackals (D:1)
  16 kobolds
  3 quokkas
  4 bats
  4 frilled lizards
  7 goblins
  A goblin skeleton (D:3)
  2 goblin zombies (D:3)
  3 hobgoblin zombies (D:3)
  A kobold skeleton (D:3)
  2 kobold zombies (D:3)
  An orc skeleton (D:3)
  3 rats
255 creatures vanquished.

Notes
Turn   | Place    | Note
-------+----------+-------------------------------------------
     0 | D:1      | Ijustatesigmund the Hill Orc Fighter began the quest for
                  | the Orb.
     0 | D:1      | Reached XP level 1. HP: 19/19 MP: 1/1
    58 | D:1      | Reached XP level 2. HP: 19/27 MP: 2/2
   199 | D:1      | Found Ybyticai's Book Shoppe.
   282 | D:1      | Reached XP level 3. HP: 31/34 MP: 3/3
   406 | D:1      | Found Veruuc's General Store.
   413 | D:1      | Bought a scroll of teleportation for 33 gold pieces
   721 | D:1      | Found Opuoteps's Armour Shoppe.
   754 | D:1      | Found Paar Ach's Weapon Boutique.
  1229 | D:2      | Found a hide-covered altar of Uskayaw.
  1237 | D:2      | Noticed Robin
  1247 | D:2      | Reached XP level 4. HP: 35/37 MP: 4/4
  1257 | D:2      | Killed Robin
  1388 | D:2      | Reached skill level 5 in Fighting
  1671 | D:3      | Noticed Natasha
  1679 | D:3      | Killed Natasha
  1732 | D:3      | Found a glowing golden altar of the Shining One.
  1736 | D:3      | Reached skill level 5 in Axes
  1793 | D:2      | Reached XP level 5. HP: 48/48 MP: 5/5
  1950 | D:3      | Noticed Natasha
  1956 | D:3      | Killed Natasha
  1957 | D:3      | Reached XP level 6. HP: 49/57 MP: 6/6
  2147 | D:3      | Noticed Natasha
  2154 | D:3      | Killed Natasha
  2968 | D:1      | Bought a scroll of revelation for 82 gold pieces
  3027 | D:4      | Noticed Grinder
  3052 | D:4      | Paralysed by Grinder for 3 turns
  3058 | D:4      | Killed Grinder
  3059 | D:4      | Reached XP level 7. HP: 44/66 MP: 7/7
  3852 | D:4      | Reached XP level 8. HP: 69/74 MP: 8/8
  4229 | D:4      | Found a runed translucent door.
  4230 | D:4      | Noticed Crazy Yiuf
  4241 | D:4      | Killed Crazy Yiuf
  4242 | D:4      | Reached skill level 5 in Armour
  4521 | D:5      | Entered Level 5 of the Dungeon
  5180 | D:5      | Found a sparkling altar of Nemelex Xobeh.
  5253 | D:5      | Reached skill level 1 in Dodging
  5782 | D:6      | Reached XP level 9. HP: 40/83 MP: 9/9
  6477 | D:7      | Reached skill level 10 in Axes
  6754 | D:7      | Reached skill level 1 in Evocations
  7242 | D:1      | Bought a +2 pair of gloves for 181 gold pieces
  7457 | D:7      | Found a staircase to the Ecumenical Temple.
  7651 | D:7      | Reached skill level 5 in Evocations
  8119 | D:8      | Reached XP level 10. HP: 79/93 MP: 10/10
  8159 | D:8      | Found an opulent altar of Gozag.
  8159 | D:8      | Found an ornate altar of the Wu Jian Council.
  8165 | D:8      | Found a snail-covered altar of Cheibriados.
  8190 | D:8      | Found a hide-covered altar of Uskayaw.
  8194 | D:8      | Became a worshipper of Cheibriados the Contemplative
  8270 | D:8      | Found a white marble altar of Elyvilon.
  8273 | D:8      | Found a stormy altar of Qazlal.
  8286 | D:8      | Reached skill level 1 in Invocations
  8333 | D:8      | Reached skill level 2 in Invocations
  8335 | D:8      | Reached skill level 3 in Invocations
  8364 | D:8      | Reached skill level 4 in Invocations
  8635 | D:8      | Got the Grimoire of the Spatial Spider
  8701 | D:8      | Reached skill level 5 in Invocations
  8768 | D:8      | Paralysed by a hornet for 1 turns
  8776 | D:8      | Paralysed by a hornet for 1 turns
  8976 | D:9      | Reached skill level 6 in Invocations
  9155 | D:9      | Reached skill level 7 in Invocations
  9367 | D:9      | Noticed Maggie
  9381 | D:9      | Killed Maggie
  9382 | D:9      | Reached skill level 8 in Invocations
  9626 | D:9      | Noticed a deep elf pyromancer
  9639 | D:9      | Killed a deep elf pyromancer
  9640 | D:9      | Reached skill level 9 in Invocations
  9841 | D:9      | Reached * piety under Cheibriados
 10092 | D:9      | Reached skill level 10 in Invocations
 10095 | D:9      | Reached XP level 11. HP: 32/99 MP: 18/18
 10345 | D:9      | Noticed Jeremiah
 10350 | D:9      | Killed Jeremiah
 10441 | D:10     | Entered Level 10 of the Dungeon
 10449 | D:10     | Reached skill level 11 in Invocations
 10523 | D:10     | Reached skill level 12 in Invocations
 11604 | D:11     | Reached skill level 13 in Invocations
 11634 | D:10     | Reached ** piety under Cheibriados
 11911 | D:11     | Found a frozen archway.
 11932 | IceCv    | Entered an ice cave
 11942 | IceCv    | Reached skill level 14 in Invocations
 12072 | IceCv    | Noticed a death yak
 12073 | IceCv    | Noticed a death yak
 12267 | IceCv    | Noticed a death yak
 12296 | IceCv    | HP: 4/99 [death yak (14)]
 12299 | IceCv    | Killed a death yak
 12300 | IceCv    | Reached skill level 15 in Invocations
 12300 | IceCv    | Noticed a death yak
 12301 | IceCv    | Noticed a death yak
 12305 | IceCv    | Mangled by a death yak

Illustrated notes

Levels and vault maps discovered:
D:1:      eino_arrival_cavern_a, layout_basic, serial_shops, nicolae_shop_stone,
          shop, nicolae_book_shop_shelving, nicolae_shop_pleasant_corner_grove,
          corner_web_ring, minmay_misc_feat_ornament,
          minmay_misc_feat_four_crosses
D:2:      layout_loops_ring, basic_altar, minmay_misc_feat_tower, uniq_robin
D:3:      layout_basic, nicolae_tso_besieged_by_evil, uniq_natasha
D:4:      layout_basic, uniq_grinder, uniq_crazy_yiuf_cottage
D:5:      layout_cave_pods, mainiacjoe_overflow_surrounded_room,
          mrwooster_statue_mirror
D:6:      layout_loops_ring
D:7:      layout_cave_pods, temple_doors_ab, minmay_bent
D:8:      layout_gridville, nicolae_overflow_hallway_of_the_gods
D:9:      layout_long_grid, uniq_jeremiah, uniq_maggie
D:10:     layout_irregular_city
D:11:     layout_cave_pools, david_lair_shrubbed, erik_orc_1,
          portal_ice_cave_entry_imps
IceCv:    ice_cave_small_giant

Skill      XL: |  1  2  3  4  5  6  7  8  9 10 11 |
---------------+----------------------------------+-----
Axes           | 3 4 5 7 8 9 10 | 10.2
Fighting       | 4 5 6 7 9 |  9.8
Armour         | 4 5 |  5.1
Dodging        | 2 3 |  3.4
Evocations     | 6 7 |  7.6
Invocations    | 10 15 | 15.0
Shields        | |  3.2

Action                     |  1- 3 |  4- 6 |  7- 9 | 10-12 || total
---------------------------+-------+-------+-------+-------++-------
  Melee: War axe           |    84 |   167 |   341 |   331 ||   923
 Invoke: Bend Time         |       |       |       |     1 ||     1
  Evoke: Wand              |       |     1 |     8 |    16 ||    25
    Use: Scroll            |     3 |     1 |    12 |     9 ||    25
         Potion            |       |     2 |     2 |    12 ||    16
 Armour: Scale mail        |    72 |   126 |   292 |   372 ||   862
  Dodge: Dodged            |    46 |    64 |   153 |   240 ||   503
         Repelled          |       |       |       |     7 ||     7
  Block: Buckler           |    26 |    32 |    58 |   108 ||   224

Table legend: (Time is in decaauts)
 A = Elapsed time spent in this place.
 B = Non-inter-level travel time spent in this place.
 C = Inter-level travel time spent in this place.
 D = Time resting spent in this place.
 E = Time spent auto-exploring this place.
 F = Levels seen in this place.
 G = Mean time per level.
                   A        B        C        D        E       F      G
               +--------+--------+--------+--------+--------+-----+--------+
         Total |  13043 |  12236 |    807 |   2494 |   7775 |  12 | 1086.9 |
       Dungeon |  12654 |  11847 |    807 |   2209 |   7759 |  11 | 1150.4 |
      Ice Cave |    389 |    389 |      0 |    285 |     15 |   1 |  389.0 |
               +--------+--------+--------+--------+--------+-----+--------+

Top non-repeatable levels by time:
    D:10: 1705 daAuts
     D:4: 1527 daAuts
     D:9: 1476 daAuts
     D:7: 1465 daAuts
     D:3: 1326 daAuts
     D:8: 1174 daAuts
     D:5: 1020 daAuts
     D:1: 1008 daAuts
     D:6: 1000 daAuts
     D:2: 879 daAuts
   IceCv: 389 daAuts
    D:11: 68 daAuts
